 Dungeon Crawl Stone Soup version 0.29.1-1-gd02db69 (webtiles) character file.

Game seed: 6419842430338468872

32 malesh the Sneak (level 3, -2/19 HPs)
             Began as a Kobold Enchanter on Oct 18, 2022.
             Slain by a kobold
             ... wielding a +0 dagger
              (3 damage)
             ... on level 3 of the Dungeon.
             The game lasted 00:04:10 (1425 turns).

malesh the Sneak (Kobold Enchanter)                 Turns: 1425, Time: 00:04:10

Health: -2/19      AC:  3    Str:  5    XL:     3   Next: 45%
Magic:  1/6        EV: 15    Int: 16    God:
Gold:   85         SH:  0    Dex: 17    Spells: 1/6 levels left

rFire   . . .      SeeInvis .   a - +1 dagger
rCold   . . .      Faith    .   (no shield)
rNeg    . . .      Spirit   .   b - +0 robe
rPois   .          Reflect  .   (no helmet)
rElec   .          Harm     .   (no cloak)
rCorr   .          Rampage  .   (no gloves)
Will    .....                   p - +0 pair of boots
Stlth   ++++......              (no amulet)
HPRegen 0.06/turn               (no ring)
MPRegen 0.10/turn               (no ring)

@: no status effects
A: small, no large weapons, nightstalker 3
a: no special abilities


You were on level 3 of the Dungeon.
You visited 1 branch of the dungeon, and saw 3 of its levels.

You collected 85 gold pieces.

Inventory:

Hand Weapons
 a - a +1 dagger (weapon)
Armour
 b - a +0 robe (worn)
 p - a +0 pair of boots (worn)
Scrolls
 d - a scroll of immolation {unknown}
 f - a scroll of enchant armour {unknown}
 h - a scroll of torment {unknown}
 i - a scroll of magic mapping {unknown}
 j - a scroll of fog {unknown}
 l - 2 scrolls of identify {unknown}
 o - a scroll of vulnerability {unknown}
 r - a scroll of blinking {unknown}
 s - a scroll of noise {unknown}
 t - a scroll of acquirement {unknown}
Potions
 c - 2 potions of invisibility
 e - 2 potions of cancellation {unknown}
 g - a potion of resistance {unknown}
 k - a potion of attraction {unknown}
 m - a potion of lignification {unknown}
 n - a potion of ambrosia {unknown}
 q - a potion of haste {unknown}


   Skills:
 + Level 1.7 Short Blades
 + Level 3.0 Dodging
 + Level 4.6 Stealth
 + Level 2.3 Spellcasting
 + Level 3.4 Hexes
 - Level 0.1 Ice Magic


You had one spell level left.
You knew the following spells:

 Your Spells              Type           Power      Damage    Failure   Level
a - Ensorcelled Hibernat  Hex/Ice        14%        N/A       14%         2
b - Confusing Touch       Hex            12%        N/A       14%         3

Your spell library contained the following spells:

 Spells                   Type           Power      Damage    Failure   Level
 Tukima's Dance           Hex            12%        N/A       14%         3
 Dazzling Flash           Conj/Hex       14%        N/A       30%         3


Dungeon Overview and Level Annotations

Branches:
Dungeon (2/15)

Altars:

Shops:
D:3 [

Annotations:
D:3 Grinder


Innate Abilities, Weirdness & Mutations

You are small and have problems with some larger weapons.
You are completely attuned to the shadows.


Message History

The kobold hits you but does no damage. Grinder barely misses you.
You hit Grinder.
Grinder is severely wounded.
The kobold hits you with a +0 dagger.
Grinder seems less confused.
Grinder gestures at you. You resist with significant effort.
You barely miss Grinder.
Grinder is severely wounded.
The kobold misses you.
Grinder says, "Don't move a muscle."
Grinder gestures at you. You resist with significant effort.
Casting: Confusing Touch (extremely dangerous; 14% risk of failure)
Confirm with . or Enter, or press ? or * to list all spells.
The spell is extremely dangerous to miscast (14% risk of failure)!
Continue anyway? [Y]es or [N]o only, please.
The spell is extremely dangerous to miscast (14% risk of failure)!
Continue anyway?
Okay, then.
Casting: Confusing Touch (extremely dangerous; 14% risk of failure)
Confirm with . or Enter, or press ? or * to list all spells.
The spell is extremely dangerous to miscast (14% risk of failure)!
Continue anyway?
Your hands begin to glow red.
The kobold barely misses you. Grinder hits you.
You writhe in agony.
You closely miss Grinder.
Grinder is severely wounded.
The kobold completely misses you.
Grinder blinks!
You hit Grinder but do no damage.
Grinder is severely wounded.
The kobold hits you but does no damage. Grinder hits you but does no damage.
You hit Grinder but do no damage.
Grinder appears confused.
Grinder is severely wounded.
You hit Grinder.
Grinder is severely wounded.
The kobold hits you but does no damage. Grinder hits you.
You writhe in agony.
* * * LOW HITPOINT WARNING * * *
You hit Grinder.
Grinder is severely wounded.
The kobold hits you with a +0 dagger.
You die...

......# ...#
......##....
............
#...###.###
##...##.# ....# ..
..#....#####8..##..
#.......##......
.....#..8.∩.8.#
####...###<.@#
##..###85K#
##...#..##
........##
##......# #......#
#......# ......#


You could see Grinder (confused) and a kobold.

Vanquished Creatures
  3 dart slugs (D:1)
  A ball python (D:1)
  2 endoplasms
  A giant cockroach (D:1)
  4 goblins (D:1)
  2 hobgoblins
  3 kobolds (D:1)
  A quokka (D:1)
  3 bats (D:1)
  A frilled lizard (D:1)
  3 rats (D:1)
24 creatures vanquished.

Notes
Turn   | Place    | Note
-------+----------+-------------------------------------------
     0 | D:1      | malesh the Kobold Enchanter began the quest for the Orb.
     0 | D:1      | Reached XP level 1. HP: 10/10 MP: 3/3
   214 | D:1      | Reached XP level 2. HP: 15/15 MP: 5/5
   217 | D:1      | Learned a level 2 spell: Ensorcelled Hibernation
   749 | D:1      | Reached XP level 3. HP: 15/19 MP: 3/6
  1034 | D:1      | Learned a level 3 spell: Confusing Touch
  1393 | D:2      | You fall into a shaft and drop 1 floor!
  1400 | D:3      | Found Quol's Antique Armour Shoppe.
  1406 | D:3      | Noticed Grinder
  1425 | D:3      | Slain by a kobold

Illustrated notes

Levels and vault maps discovered:
D:1:      elethiomel_arrival_shortcut, layout_basic, minmay_heptomino_o4
D:2:      layout_basic, hellmonk_ecumenical_altar_lost_god, minivault_25,
          serial_bayou_lagoon_a
D:3:      layout_rooms, mainiacjoe_overflow_alcove_2, serial_shops,
          nicolae_shop_statue_plus, nicolae_shop_temple_entry_statues_fountains,
          shop, nicolae_shop_bloodbath_and_beyond, shop_fountains, uniq_grinder

Skill      XL: |  1  2  3 |
---------------+----------+-----
Dodging        | 3 |  3.0
Short Blades   | |  1.7
Stealth        | |  4.6
Spellcasting   | |  2.3
Hexes          | |  3.4
Ice Magic      | |  0.1

Action                   || total
-------------------------++-------
Melee: Dagger            ||    82
 Cast: Ensorcelled Hiber ||     8
       Confusing Touch   ||     2
 Stab: Sleeping          ||    17
       Confused          ||     1
Armor: Robe              ||    17
Dodge: Dodged            ||    60
